 Dungeon Crawl Stone Soup version 0.21.1-1-g345015f (webtiles) character file.

12994 microfolk the Fighter (level 11, -18/126 HPs)
             Began as a Grey Draconian Transmuter on Apr 21, 2018.
             Was a High Priest of Fedhas.
             Demolished by an earth elemental (34 damage)
             ... on level 10 of the Dungeon.
             The game lasted 01:01:03 (13844 turns).

microfolk the Fighter (Grey Draconian Transmuter)  Turns: 13844, Time: 01:01:04

Health: -18/126    AC:  7    Str: 13    XL:     11   Next: 69%
Magic:  16/19      EV: 10    Int: 19    God:    Fedhas [*****.]
Gold:   609        SH:  0    Dex: 12    Spells: 4/21 levels left

rFire    x . .     SeeInvis .     - Unarmed
rCold    + + +     Gourm    .   (shield currently unavailable)
rNeg     . . .     Faith    +   (armour unavailable)
rPois    +         Spirit   .   (helmet currently unavailable)
rElec    .         Reflect  .   (cloak currently unavailable)
rCorr    .         Harm     .   (gloves currently unavailable)
MR       .....                  (boots currently unavailable)
Stlth    +.........             s - amulet of faith
HPRegen  0.31/turn              u - ring of Kob Amal {rPois rC+ Int+3}
MPRegen  0.16/turn              t - +2 ring of slaying

@: about to teleport, ice-form
A: large, (walk through water), unfitting armour, AC +12
a: End Transformation, Fungal Bloom, Evolution, Sunlight, Growth, Reproduction,
Rain, Renounce Religion


You were on level 10 of the Dungeon.
You worshipped Fedhas.
Fedhas was extremely pleased with you.
You were not hungry.
You were a creature of crystalline ice.
You visited 2 branches of the dungeon, and saw 13 of its levels.
You also visited: Bailey.

You collected 609 gold pieces.

Inventory:

Missiles
 j - 434 stones (quivered)
 F - 65 arrows
 I - 2 throwing nets
Armour
 q - a +0 buckler
 E - a +0 pair of gloves
 G - a +0 cloak
 J - a +2 pair of gloves (melded)
 Q - the +1 cloak of Starlight (melded) {rElec rC+ EV+4 Stlth--}
   (You found it on level 10 of the Dungeon)

   It affects your evasion (+4).
   It protects you from cold.
   It insulates you from electricity.
   It makes you much less stealthy.
Magical Staves
 a - an uncursed staff of energy (melded)
Jewellery
 f - an uncursed ring of protection from cold
 i - an uncursed ring of flight
 n - an uncursed amulet of regeneration
 o - a +2 ring of evasion
 r - an uncursed ring of resist corrosion
 s - an amulet of faith (around neck)
 t - a +2 ring of slaying (right front paw)
 u - the ring of Kob Amal (left front paw) {rPois rC+ Int+3}
   (You took it off a kobold in a bailey)

   [ring of poison resistance]

   It affects your intelligence (+3).
   It protects you from cold.
   It protects you from poison.
 B - the amulet "Esuu" {RegenMP -Tele *Corrode rC+++ Int+2, unknown}
   (You found it on level 7 of the Dungeon)

   [amulet of magic regeneration]

   It increases your magic regeneration.
   It affects your intelligence (+2).
   It renders you almost immune to cold.
   It prevents most forms of teleportation.
   It may corrode you when you take damage.
 L - a +5 ring of strength {unknown}
 M - a +3 ring of intelligence
Wands
 y - a wand of enslavement (11)
 H - a wand of digging (13)
 K - a wand of clouds (10)
 N - a wand of iceblast (3)
 R - a wand of paralysis (9)
Scrolls
 d - a scroll of immolation {unknown}
 g - 5 scrolls of remove curse
 h - 3 scrolls of fog
 l - a scroll of teleportation
 p - 4 scrolls of enchant armour
 w - a scroll of amnesia {unknown}
 z - a scroll of enchant weapon {unknown}
 C - 4 scrolls of identify
 D - a scroll of holy word {unknown}
 S - a scroll of random uselessness {unknown}
Potions
 e - 2 potions of haste
 k - 2 potions of flight
 m - a potion of cancellation
 x - a potion of brilliance
 A - 4 potions of curing
 U - a potion of magic
Books
 b - a book of Changes

   Spells                             Type                      Level
   a - Beastly Appendage              Transmutation                1
   b - Sticks to Snakes               Transmutation                2
   c - Spider Form                    Transmutation/Poison         3
   d - Ice Form                       Ice/Transmutation            4
   e - Blade Hands                    Transmutation                5
 P - Kiuwualy's Almanac of Excruciating Transmutation
   (You found it on level 10 of the Dungeon)

   Spells                             Type                      Level
   a - Flame Tongue                   Conjuration/Fire             1
   b - Searing Ray                    Conjuration                  2
   c - Sticky Flame                   Conjuration/Fire             4
   d - Hydra Form                     Transmutation                6
   e - Orb of Destruction             Conjuration                  7
Miscellaneous
 v - 3 phantom mirrors
 O - a box of beasts
Comestibles
 c - 15 rations


   Skills:
 + Level 12.6 Fighting
 - Level 1.7 Dodging
 + Level 6.8 Unarmed Combat
 * Level 5.8 Spellcasting
 - Level 11.6 Transmutations
 - Level 3.0 Ice Magic


You had 4 spell levels left.
You knew the following spells:

 Your Spells              Type           Power        Failure   Level  Hunger
a - Beastly Appendage     Tmut           #####.       1%          1    None
b - Sticks to Snakes      Tmut           #####...     1%          2    None
c - Spider Form           Tmut/Pois      ####......   3%          3    ##.....
d - Ice Form              Ice/Tmut       ####....     5%          4    ####...
e - Blade Hands           Tmut           #####.....   2%          5    #####..
f - Swiftness             Chrm/Air       #.......     17%         2    None


Dungeon Overview and Level Annotations

Branches:
Dungeon (12/15)            Temple (1/1) D:4            Lair (0/6) D:9
    Orc (0/2) D:10

Altars:
Ashenzari
Cheibriados
Dithmenos
Elyvilon
Fedhas
Gozag
Hepliaklqana
Kikubaaqudgha
Makhleb
Nemelex Xobeh
Okawaru
Qazlal
Ru
Sif Muna
Trog
Uskayaw
Vehumet
Wu Jian
Xom
Yredelemnul
Zin
The Shining One

Annotations:
D:4 exclusion: downstairs
D:5 exclusion: downstairs
D:8 exclusion: downstairs
D:11 Erica


Innate Abilities, Weirdness & Mutations

((You can walk through water.))
((Your dull iron-grey scales are very hard. (AC +12)))
You cannot fit into any form of body armour.
((You can survive without breathing.))
((You are cold-blooded and may be slowed by cold attacks.))


Message History

Your adder bites the earth elemental but does no damage.
The earth elemental hits you!
You are too injured to fight recklessly!
You are too injured to fight recklessly!
You are too injured to fight recklessly!
Your adder bites the earth elemental but does no damage.
The earth elemental hits you!
The earth elemental hits you but does no damage.
Your adder bites the earth elemental but does no damage.
The earth elemental misses you.
You climb upwards.
There is a stone staircase leading down here.
As you read the scroll of teleportation, it crumbles to dust.
You feel strangely unstable. The earth elemental hits you!!
* * * LOW HITPOINT WARNING * * *
You feel better. The earth elemental hits you!
* * * LOW HITPOINT WARNING * * *
The earth elemental hits you!!
You die...
Fedhas appreciates your contribution to the ecosystem.

#.# #...#.....
#.# #######.#...
#.###)))........
#.#.))######.###
#.#.### #.##.
###...# #....
#.....# #..##
#EE...# ####
#YE...# #######


You could see 3 earth elementals.

Vanquished Creatures
  4 two-headed ogres (D:9)
  A cyclops (D:9)
  A gargoyle (D:8)
  3 trolls (D:9)
  A meliai (D:9)
  3 hornets (D:10)
  4 hippogriffs
  2 wandering mushrooms (Bailey)
  9 yaks
  A hungry ghost (D:9)
  A soldier ant (D:10)
  5 orc warriors
  2 porcupines (D:9)
  2 phantoms
  4 black bears
  4 ice beasts
  An ogre (D:8)
  2 sky beasts (D:8)
  A tengu (shapeshifter) (D:9)
  2 centaurs
  3 big kobolds
  6 bullfrogs
  An earth elemental (D:11)
  A wyvern skeleton (D:7)
  A scorpion (D:6)
  8 killer bees
  9 wights
  9 howler monkeys
  A crimson imp (D:6)
  A bullfrog zombie (D:10)
  A quasit (D:9)
  A jelly (D:9)
  3 orc priests
  7 hounds
  12 orc wizards
  A bullfrog skeleton (D:9)
  An iguana (D:4)
  8 worker ants
  Terence (D:2)
  A hound skeleton (D:7)
  7 gnolls
  13 adders
  2 shadow imps
  An ooze (D:1)
  An adder skeleton (D:4)
  3 worms
  3 dart slugs
  7 leopard geckos
  26 orcs
  A giant cockroach (D:2)
  19 goblins
  6 hobgoblins
  4 jackals
  38 kobolds
  4 quokkas
  6 bats
  5 frilled lizards
  A jackal skeleton (D:6)
  A quokka skeleton (D:5)
  4 rats
281 creatures vanquished.

Vanquished Creatures (collateral kills)
  A two-headed ogre (D:8)
  An orc knight (Bailey)
  A wraith (D:11)
  A yak (D:8)
  4 orc warriors
  2 ogres
  A killer bee (D:8)
  3 wights (D:6)
  A crimson imp (D:8)
  A bullfrog zombie (D:11)
  2 hounds
  A worker ant (D:4)
  Robin (D:3)
  A gnoll (Bailey)
  An adder (D:11)
  An orc (D:8)
  3 hobgoblins (Bailey)
  3 goblins
  2 kobolds (Bailey)
31 creatures vanquished.

Vanquished Creatures (others)
  A necrophage (D:6)
  A wandering mushroom (D:8)
  4 fungi (D:9)
  2 plants (D:9)
  163 toadstools
171 creatures vanquished.

Grand Total: 483 creatures vanquished

Notes
Turn   | Place    | Note
-------+----------+-------------------------------------------
     0 | D:1      | microfolk the Draconian Transmuter began the quest for the Orb.
     0 | D:1      | Reached XP level 1. HP: 16/16 MP: 3/3
   186 | D:1      | Reached XP level 2. HP: 16/23 MP: 3/5
   475 | D:1      | Learned a level 2 spell: Sticks to Snakes
   952 | D:2      | Reached skill level 2 in Fighting
   952 | D:2      | Reached XP level 3. HP: 26/29 MP: 1/6
  1142 | D:2      | Noticed Terence
  1356 | D:2      | Learned a level 3 spell: Spider Form
  1467 | D:2      | Killed Terence
  1467 | D:2      | Reached XP level 4. HP: 32/37 MP: 2/8
  1633 | D:2      | Found a blossoming altar of Fedhas.
  1915 | D:3      | Noticed Robin
  1988 | D:3      | Killed Robin
  2100 | D:3      | Found a glowing golden altar of the Shining One.
  2338 | D:3      | Found a sacrificial altar of Ru.
  2401 | D:4      | Noticed a phantom
  2493 | D:4      | Reached XP level 5. HP: 23/44 MP: 2/9
  2684 | D:3      | Reached skill level 3 in Fighting
  2835 | D:4      | Learned a level 4 spell: Ice Form
  2996 | D:4      | Reached XP level 6. HP: 30/51 MP: 3/11
  3082 | D:4      | Found a staircase to the Ecumenical Temple.
  3091 | Temple   | Entered the Ecumenical Temple
  3841 | D:5      | Entered Level 5 of the Dungeon
  3909 | D:5      | Noticed an ice beast
  4226 | D:2      | Became a worshipper of Fedhas Madash
  4409 | D:5      | Your scales start taking on a dull iron-grey colour.
  4409 | D:5      | Reached XP level 7. HP: 54/58 MP: 10/12
  4409 | D:5      | Gained mutation: You can survive without breathing. [Grey Draconian growth]
  4469 | D:5      | Reached skill level 4 in Fighting
  4469 | D:5      | Reached skill level 5 in Unarmed Combat
  5117 | D:6      | Noticed a hippogriff
  5213 | D:6      | Found a burning altar of Makhleb.
  5358 | D:6      | Reached skill level 5 in Transmutations
  5395 | D:6      | Reached skill level 5 in Fighting
  5533 | D:6      | Reached XP level 8. HP: 67/68 MP: 15/15
  5540 | D:6      | Learned a level 5 spell: Blade Hands
  5700 | D:6      | Reached skill level 1 in Ice Magic
  5898 | D:5      | Reached * piety under Fedhas
  6315 | D:6      | Killed a hippogriff
  6315 | D:6      | Reached skill level 6 in Fighting
  6545 | D:7      | Got a shimmering ruby amulet
  6687 | D:7      | Found a faded altar of an unknown god.
  6687 | D:7      | Found a snail-covered altar of Cheibriados.
  6692 | D:7      | Found a shimmering altar of Xom.
  6694 | D:7      | Found an iron altar of Okawaru.
  6695 | D:7      | Found a faded altar of an unknown god.
  6922 | D:7      | Found a sparkling altar of Nemelex Xobeh.
  7144 | D:7      | Reached skill level 7 in Fighting
  7153 | D:7      | Reached XP level 9. HP: 45/79 MP: 16/16
  7301 | D:8      | Noticed a two-headed ogre
  7327 | D:8      | Killed a two-headed ogre
  7327 | D:8      | Reached skill level 8 in Fighting
  7357 | D:8      | Noticed a gargoyle
  7387 | D:8      | Found a flagged portal.
  7409 | Bailey   | Entered a bailey
  7663 | Bailey   | Noticed an orc knight
  7778 | Bailey   | Killed an orc knight
  7778 | Bailey   | Reached skill level 9 in Fighting
  7890 | Bailey   | Reached ** piety under Fedhas
  8038 | Bailey   | Got a warped bronze ring
  8042 | Bailey   | Noticed an orc knight
  8268 | D:8      | Identified the ring of Kob Amal {rPois rC+ Int+3} (You took it off a kobold in a bailey)
  8314 | D:8      | Found a hide-covered altar of Uskayaw.
  8330 | D:8      | Reached XP level 10. HP: 77/92 MP: 17/17
  8394 | D:8      | Learned a level 2 spell: Swiftness
  8831 | D:8      | Reached skill level 10 in Fighting
  8848 | D:8      | Killed a gargoyle
  9704 | D:8      | Reached *** piety under Fedhas
  9869 | D:8      | Reached skill level 10 in Transmutations
 10253 | D:9      | Noticed a two-headed ogre
 10385 | D:9      | Reached skill level 11 in Fighting
 10621 | D:9      | Noticed a cyclops
 10864 | D:9      | You fall through a shaft for 3 floors!
 10873 | D:12     | Noticed a two-headed ogre
 11035 | D:11     | Reached **** piety under Fedhas
 11431 | D:11     | Noticed Erica
 11521 | D:10     | Entered Level 10 of the Dungeon
 11830 | D:9      | Noticed a two-headed ogre
 11859 | D:9      | Killed a two-headed ogre
 11982 | D:9      | Found an ornate altar of the Wu Jian Council.
 11990 | D:9      | Killed a two-headed ogre
 11990 | D:9      | Reached XP level 11. HP: 104/104 MP: 10/18
 12160 | D:9      | Reached skill level 12 in Fighting
 12223 | D:9      | Found a staircase to the Lair.
 12306 | D:9      | Noticed a two-headed ogre
 12310 | D:9      | Killed a two-headed ogre
 12546 | D:9      | Noticed a two-headed ogre
 12555 | D:9      | Killed a two-headed ogre
 12882 | D:9      | Identified the Handbook of Bewitching Stones
 12990 | D:10     | Found the +1 cloak of Starlight {rElec rC+ EV+4 Stlth--}
 12998 | D:10     | Identified Kiuwualy's Almanac of Excruciating Transmutation
 13174 | D:10     | Reached skill level 5 in Spellcasting
 13521 | D:10     | Reached ***** piety under Fedhas
 13541 | D:10     | Found a staircase to the Orcish Mines.
 13844 | D:10     | Demolished by an earth elemental

Skill      XL: |  1  2  3  4  5  6  7  8  9 10 11 |
---------------+----------------------------------+-----
Fighting       | 2 3 5 7 9 11 12 | 12.6
Transmutations | 3 4 5 6 9 11 | 11.6
Spellcasting   | 3 4 5 |  5.8
Unarmed Combat | 4 5 6 |  6.8
Ice Magic      | 3 |  3.0
Dodging        | |  1.7

Action                   |  1- 3 |  4- 6 |  7- 9 | 10-12 || total
-------------------------+-------+-------+-------+-------++-------
Melee: Dagger            |   110 |   319 |       |       ||   429
       Headbutt          |     4 |    15 |    15 |    22 ||    56
       Unarmed           |    23 |    36 |   352 |   454 ||   865
       Tailslap          |    12 |    31 |    33 |    46 ||   122
       Kick              |     1 |    12 |    40 |    17 ||    70
       Punch             |     1 |     8 |     8 |     7 ||    24
       Staff             |       |       |       |    30 ||    30
Throw: Stone             |     6 |    10 |    16 |     7 ||    39
 Cast: Beastly Appendage |    15 |    18 |    30 |    15 ||    78
       Sticks to Snakes  |     2 |    14 |    49 |    29 ||    94
       Spider Form       |     2 |     5 |     1 |     2 ||    10
       Ice Form          |       |       |     1 |    13 ||    14
       Blade Hands       |       |       |       |     9 ||     9
Invok: Fungal Bloom      |       |       |    31 |    30 ||    61
       Evolution         |       |       |     3 |       ||     3
Evoke: Wand              |       |       |    12 |       ||    12
  Use: Scroll            |     4 |     3 |     7 |     3 ||    17
       Potion            |       |     1 |     1 |     3 ||     5
 Stab: Distracted        |       |     1 |     3 |     1 ||     5
       Sleeping          |       |     1 |       |       ||     1
  Eat: Chunk             |     2 |     6 |     6 |    15 ||    29
       Ration            |       |     2 |     2 |     3 ||     7
Armor: Skin              |    26 |    74 |   119 |   239 ||   458
Dodge: Dodged            |    80 |   279 |   268 |   332 ||   959
